 Dungeon Crawl Stone Soup version 0.22.0-27-ga576289 (webtiles) character file.

833 iamserjio the Ruffian (level 7, 18/66 HPs)
             Began as a Troll Fighter on Aug 22, 2018.
             Quit the game on level 7 of the Dungeon.
             The game lasted 00:08:34 (784 turns).

iamserjio the Ruffian (Troll Fighter)                Turns: 784, Time: 00:08:35

Health: 18/66      AC:  5    Str: 25    XL:     7   Next: 65%
Magic:  6/6        EV:  9    Int:  6    God:
Gold:   85         SH: 10    Dex:  9    Spells: 6/6 levels left

rFire    . . .     SeeInvis .     - Unarmed
rCold    . . .     Gourm    +   b - +1 shield
rNeg     . . .     Faith    .   a - +0 robe
rPois    .         Spirit   .   (helmet restricted)
rElec    .         Reflect  .   (no cloak)
rCorr    .         Harm     .   (gloves unavailable)
MR       .....                  (boots unavailable)
Stlth    +.........             (no amulet)
HPRegen  0.61/turn              (no ring)
MPRegen  0.10/turn              (no ring)

@: no status effects
A: large, unfitting armour, claws 3, fast metabolism 3, gourmand, regeneration
1, shaggy fur 1, tough skin 2
a: no special abilities


You were on level 7 of the Dungeon.
You were very full.

You visited 1 branch of the dungeon, and saw 7 of its levels.

You collected 85 gold pieces.

Inventory:

Armour
 a - a +0 robe (worn)
 b - a +1 shield (worn)
Jewellery
 l - an uncursed ring of wizardry {unknown}
Scrolls
 f - a scroll of identify {unknown}
 g - a scroll of magic mapping
Comestibles
 d - 5 rations
 k - 4 chunks of flesh


   Skills:
 - Level 2.4 Fighting
 - Level 2.4 Dodging
 + Level 4.7 Shields
 * Level 7.4 Unarmed Combat


You had 6 spell levels left.
You didn't know any spells.
Your spell library was empty.

Dungeon Overview and Level Annotations

Branches:
Dungeon (7/15)
 Temple: D:4-7

Altars:
Makhleb
Uskayaw

Shops:
D:4 %


Innate Abilities, Weirdness & Mutations

You are too large for most types of armour.
You have claws for hands.
Your metabolism is lightning-fast.
You like to eat raw meat.
Your natural rate of healing is unusually fast.
You are covered in fur. (AC +1)
You have very tough skin. (AC +2)


Message History

You aren't carrying any potions.
You feel sick. The adder zombie bites you.
* * * LOW HITPOINT WARNING * * *
The crimson imp shouts, "Give up, thou craven beetle-headed prigger-of-prances!"
Found a morningstar.
You feel sick. You block the adder zombie's attack.
You claw the adder zombie!
The adder zombie is heavily damaged.
You block the adder zombie's attack.
You claw the adder zombie!
The adder zombie is almost destroyed.
The gnoll hits you from afar with a halberd!
* * * LOW HITPOINT WARNING * * *
The adder zombie bites you but does no damage.
You feel sick.
You are no longer poisoned.
You block the adder zombie's attack.
A wight comes into view. It is wielding a hand axe of freezing.
Are you sure you want to abandon this character and quit the game? (Confirm with "yes".)

...######.........
.
.......#.........
.).
#.............#
... ###.........#
...####...5..5..#
..........g###O.#
.........### #..#
.......### ##Z##
.......# #.@#
.....5## #..#
......# ##.#
......# #..
......# ##..
......# .. ..))).#
..# .###).# z.. .#
#.....


You could see an ogre, a wight, a crimson imp and an adder zombie.

Vanquished Creatures
  Eustachio (D:4)
  A sky beast (D:6)
  2 howler monkeys (D:7)
  5 wights (D:7)
  3 hounds
  2 worker ants (D:4)
  Natasha (D:4)
  Robin (D:2)
  7 gnolls
  4 adders
  A dart slug (D:5)
  A leopard gecko (D:1)
  3 orcs (D:3)
  3 bats
  4 hobgoblins
  5 jackals
  2 kobolds
  A quokka (D:4)
  A ball python (D:3)
  A frilled lizard (D:2)
  11 goblins
  A rat (D:1)
61 creatures vanquished.

Notes
Turn   | Place    | Note
-------+----------+-------------------------------------------
     0 | D:1      | iamserjio the Troll Fighter began the quest for the Orb.
     0 | D:1      | Reached XP level 1. HP: 22/22 MP: 0/0
    78 | D:2      | Noticed Robin
    97 | D:2      | Killed Robin
    97 | D:2      | Reached XP level 2. HP: 25/29 MP: 1/1
   106 | D:2      | Reached skill level 3 in Unarmed Combat
   110 | D:2      | Reached XP level 3. HP: 31/36 MP: 2/2
   272 | D:4      | Reached XP level 4. HP: 22/44 MP: 3/3
   289 | D:4      | Reached skill level 4 in Unarmed Combat
   299 | D:4      | Reached XP level 5. HP: 22/50 MP: 4/4
   316 | D:4      | Noticed Eustachio
   336 | D:4      | HP: 2/50 [Eustachio/rapier of flaming (1)]
   345 | D:4      | HP: 2/75 [river rat[Eustachio] (2)]
   347 | D:4      | Killed Eustachio
   347 | D:4      | Reached skill level 5 in Unarmed Combat
   347 | D:4      | Reached XP level 6. HP: 4/59 MP: 5/5
   443 | D:4      | Found a burning altar of Makhleb.
   479 | D:4      | Found Kayst's Food Boutique.
   500 | D:4      | Noticed Natasha
   508 | D:4      | Killed Natasha
   526 | D:4      | Found a hide-covered altar of Uskayaw.
   553 | D:5      | Entered Level 5 of the Dungeon
   658 | D:6      | Noticed a sky beast
   668 | D:6      | Killed a sky beast
   668 | D:6      | Reached skill level 6 in Unarmed Combat
   708 | D:7      | Reached XP level 7. HP: 45/66 MP: 6/6
   732 | D:7      | Reached skill level 7 in Unarmed Combat
   784 | D:7      | Quit the game

Skill      XL: |  1  2  3  4  5  6  7 |
---------------+----------------------+-----
Unarmed Combat | 3 4 5 6 7 |  7.4
Shields        | 3 4 |  4.7
Fighting       | |  2.4
Dodging        | |  2.4

Action                   |  1- 3 |  4- 6 |  7- 9 || total
-------------------------+-------+-------+-------++-------
Melee: Unarmed           |    84 |    79 |    45 ||   208
  Use: Scroll            |       |     4 |       ||     4
       Potion            |       |     4 |       ||     4
  Eat: Chunk             |       |    12 |       ||    12
Armor: Robe              |    30 |    15 |     8 ||    53
       Skin              |       |    15 |       ||    15
Dodge: Dodged            |    33 |    27 |    11 ||    71
Block: Shield            |    47 |    59 |    26 ||   132
